 Dungeon Crawl Stone Soup version 0.27-a0-808-g60bc5d92e6 (webtiles) character file.

Game seed: 16427672690757990445

15401 polve the Destroyer (level 12, -4/92 HPs)
             Began as a Demonspawn Abyssal Knight on Mar 28, 2021.
             Was a High Priest of Lugonu.
             Slain by a vampire (9 damage)
             ... on level 11 of the Dungeon.
             The game lasted 00:29:46 (15667 turns).

polve the Destroyer (Demonspawn Abyssal Knight)    Turns: 15667, Time: 00:29:47

Health: -4/92      AC: 10    Str: 10 (13) XL:     12   Next: 0%
Magic:  15/18      EV: 15    Int: 16 (17) God:    Lugonu [*****.]
Gold:   651        SH:  4    Dex: 12 (14) Spells: 2/18 levels left

rFire    . . .     SeeInvis .   I - +3 double sword (flame)
rCold    . . .     Faith    .   (no shield)
rNeg     . . .     Spirit   .   E - +0 troll leather armour
rPois    .         Reflect  .   p - +0 helmet
rElec    .         Harm     .   e - +2 cloak
rCorr    .         Rampage  .   (no gloves)
Will     .....                  d - +0 pair of boots
Stlth    +++.......             z - amulet of magic regeneration
HPRegen  1.25/turn              s - +4 ring of slaying
MPRegen  0.41/turn              x - ring of wizardry

@: no status effects
A: claws 2, repulsion field 2, condensation shield
a: Renounce Religion, Depart the Abyss, Bend Space, Banish, Corrupt, Enter the
Abyss


You were on level 11 of the Dungeon.
You worshipped Lugonu.
Lugonu was extremely pleased with you.
You visited 1 branch of the dungeon, and saw 11 of its levels.
You visited the Abyss 1 time.

You collected 651 gold pieces.

Inventory:

Hand Weapons
 I - a +3 double sword of flaming (weapon)
Armour
 b - the +18 shield of the Gong {rElec rN+ Will+ EV-5}
   (You found it on level 9 of the Dungeon)

   It affects your evasion (-5).
   It insulates you from electricity.
   It protects you from negative energy.
   It affects your willpower, your defense against some magical effects.
 d - a +0 pair of boots (worn)
 e - a +2 cloak (worn)
 p - a +0 helmet (worn)
 E - a +0 troll leather armour (worn)
Magical Staves
 j - a staff of fire
Jewellery
 i - a ring of wizardry
 l - a ring of see invisible
 s - a +4 ring of slaying (left claw)
 x - a ring of wizardry (right claw)
 z - an amulet of magic regeneration (around neck)
Wands
 r - a wand of acid (3)
 v - a wand of paralysis (14)
 B - a wand of mindburst (12)
 D - a wand of flame (15)
Scrolls
 c - a scroll of blinking
 f - 2 scrolls of amnesia
 g - a scroll of enchant armour
 k - 4 scrolls of teleportation
 n - 4 scrolls of identify
 t - a scroll of silence
 w - a scroll of magic mapping
 y - 2 scrolls of fog
 G - a scroll of immolation {unknown}
Potions
 a - 5 potions of degeneration
 h - 2 potions of curing
 m - a potion of cancellation {unknown}
 q - 2 potions of mutation {unknown}
 u - 3 potions of might
 C - 4 potions of heal wounds {unknown}
 F - a potion of ambrosia {unknown}
 H - a potion of flight {unknown}


   Skills:
 + Level 8.0 Fighting
 * Level 8.1 Long Blades
 - Level 3.6 Armour
 - Level 3.3 Dodging
 - Level 5.0 Stealth
 - Level 4.1 Unarmed Combat
 - Level 3.8 Spellcasting
 - Level 9.1 Conjurations
 - Level 4.0 Air Magic
 - Level 5.0 Poison Magic
 - Level 8.0 Invocations


You had 2 spell levels left.
You knew the following spells:

 Your Spells              Type           Power      Damage    Failure   Level
a - Magic Dart            Conj           100%       1d8       1%          1
b - Call Imp              Summ           3%         N/A       14%         2
c - Conjure Flame         Conj/Fire      17%        6-21      4%          3
d - Mephitic Cloud        Conj/Pois/Air  22%        N/A       2%          3
e - Lightning Bolt        Conj/Air       12%        1d25      16%         5
s - Swiftness             Air            16%        N/A       2%          2

Your spell library contained the following spells:

 Spells                   Type           Power      Damage    Failure   Level
 Shock                    Conj/Air       96%        1d9       1%          1
 Blink                    Tloc           N/A        N/A       14%         2
 Slow                     Hex            3%         N/A       14%         2
 Static Discharge         Conj/Air       24%        N/A       1%          3
 Airstrike                Air            8%         N/A       16%         4


Dungeon Overview and Level Annotations

Branches:
Dungeon (11/15)            Temple (0/1) D:5            Lair (0/6) D:11
    Orc (0/2) D:11

Altars:
Cheibriados
Makhleb
Nemelex Xobeh
Okawaru
Ru
Sif Muna
Zin

Annotations:
D:11 3 runed translucent doors, Killmatronix's ghost, journeyman FoHu


Innate Abilities, Weirdness & Mutations

You have very sharp fingernails.
You are surrounded by a moderate repulsion field. (EV +3)
A meltable shield of frost defends you. (SH +4)


Message History

You completely miss something. Something hits you. Something bites you.
Something draws strength from your injuries!
You hit something. You burn something.
You hear some strange, mumbled words.
Something tries to affect you, but you resist.
You barely miss something.
You hear some strange, mumbled words.
You are confused.
You barely miss something.
You hear some strange, mumbled words.
You are more confused.
You miss something. Something draws life force from you!
You closely miss something. Something hits you but does no damage.
Something bites you!
Something draws strength from your injuries!
Your magical contamination has completely faded away.
You closely miss something. Something barely misses you. Something bites you.
Something draws strength from your injuries!
Something hits you but does no damage. Something bites you but does no damage.
You hit something. You burn something. Something barely misses you.
Something bites you.
Something draws strength from your injuries!
You hit something but do no damage. Something hits you but does no damage.
Something bites you but does no damage. Something hits you!
Something bites you!
* * * LOW HITPOINT WARNING * * *
Something draws strength from your injuries!
It was a potion of degeneration.
There was something very wrong with that liquid.
You feel weakened.
You feel dopey.
You feel clumsy. Something hits you!
* * * LOW HITPOINT WARNING * * *
Something bites you but does no damage.
You are too confused!
You feel better. Something hits you!
* * * LOW HITPOINT WARNING * * *
Something bites you but does no damage.
Okay, then.
Space bends around you!
You blink.
Something hits you!
You die...

....###..#####....#
......#...........#
......#......###..#
###...##..#### #..#
#....#..# #..##
#....#..# #...#
#....#..# #..ยง#
###..###..# #.{.#
.....# ...# #@..#
.....###
..........#
.......#
..........#
.......#
..........#
..?....#
..........#
.......#
..........#
########
..........#
...########


There were no monsters in sight!

Vanquished Creatures
  Snorg (D:10)
  2 hydras (D:11)
  Fannar (D:11)
  Erica (D:10)
  2 two-headed ogres (D:11)
  Urug (D:10)
  Nergalle (D:10)
  A manticore (D:11)
  An unseen horror (D:10)
  3 trolls
  A hornet (D:10)
  Prince Ribbit (D:8)
  A wraith (D:10)
  2 wyverns (D:11)
  3 basilisks
  6 yaks
  A steam dragon (D:8)
  5 wargs
  4 water moccasins (D:11)
  9 orc warriors
  An ice beast (D:5)
  6 black bears
  A necrophage (D:7)
  2 ogres
  2 wolves (D:11)
  8 centaurs
  2 kobold brigands
  A bullfrog (D:8)
  2 water moccasin skeletons
  4 killer bees (D:7)
  11 wights
  2 howler monkeys (D:9)
  2 electric eels (D:7)
  4 centaur zombies
  3 hounds
  A jelly (D:7)
  6 orc priests
  Crazy Yiuf (D:3)
  2 bullfrog skeletons
  An iguana (D:5)
  17 orc wizards
  A mummy (D:8)
  A howler monkey skeleton (D:4)
  4 gnolls (D:5)
  6 adders
  2 river rats (D:4)
  A shadow imp (D:6)
  2 dart slugs (D:1)
  2 worms (D:3)
  31 orcs
  5 ball pythons
  4 bats
  5 endoplasms
  2 giant cockroaches
  9 goblins
  5 hobgoblins
  8 jackals
  4 quokkas
  3 frilled lizards
  A jackal skeleton (D:4)
  12 kobolds
  8 rats
242 creatures vanquished.

Vanquished Creatures (collateral kills)
  A killer bee (D:7)
1 creature vanquished.

Vanquished Creatures (others)
  2 fungi
  11 plants (D:11)
13 creatures vanquished.

Grand Total: 256 creatures vanquished

Notes
Turn   | Place    | Note
-------+----------+-------------------------------------------
     0 | Abyss:1  | polve the Demonspawn Abyssal Knight began the quest for the
                  | Orb.
     0 | Abyss:1  | Reached XP level 1. HP: 18/18 MP: 2/2
    51 | Abyss:1  | Found a corrupted altar of Lugonu.
    68 | Abyss:1  | Noticed a starcursed mass
    71 | D:1      | Escaped the Abyss
   435 | D:1      | Gained mutation: You are surrounded by a mild repulsion
                  | field. (EV +2) [demonic ancestry]
   435 | D:1      | Reached XP level 2. HP: 12/19 MP: 3/3
   606 | D:1      | Learned a level 1 spell: Magic Dart
   612 | D:1      | Reached skill level 1 in Spellcasting
   700 | D:1      | Reached * piety under Lugonu
   726 | D:1      | Found an iron altar of Okawaru.
   992 | D:1      | Reached skill level 1 in Conjurations
  1530 | D:1      | Found a sparkling altar of Nemelex Xobeh.
  1780 | D:2      | Gained mutation: You have sharp fingernails. [demonic
                  | ancestry]
  1780 | D:2      | Reached XP level 3. HP: 27/27 MP: 4/4
  2338 | D:3      | Reached skill level 2 in Conjurations
  2513 | D:3      | Reached XP level 4. HP: 22/35 MP: 6/6
  2658 | D:3      | Reached ** piety under Lugonu
  3273 | D:3      | Reached skill level 3 in Conjurations
  3645 | D:3      | Found a runed translucent door.
  3646 | D:3      | Noticed Crazy Yiuf
  3686 | D:3      | Paralysed by Crazy Yiuf for 4 turns
  3691 | D:3      | Killed Crazy Yiuf
  3692 | D:3      | Reached XP level 5. HP: 7/41 MP: 6/8
  4169 | D:4      | Reached skill level 4 in Conjurations
  4738 | D:4      | Noticed an ogre
  4747 | D:4      | Killed an ogre
  4748 | D:4      | Gained mutation: You have very sharp fingernails. [demonic
                  | ancestry]
  4748 | D:4      | Reached XP level 6. HP: 21/47 MP: 6/10
  4951 | D:4      | Reached skill level 5 in Conjurations
  5305 | D:4      | Learned a level 3 spell: Conjure Flame
  5309 | D:4      | Learned a level 3 spell: Mephitic Cloud
  5312 | D:4      | Learned a level 2 spell: Call Imp
  5379 | D:4      | Reached XP level 7. HP: 49/52 MP: 12/12
  5437 | D:5      | Entered Level 5 of the Dungeon
  5444 | D:5      | Reached skill level 1 in Air Magic
  5444 | D:5      | Reached skill level 1 in Poison Magic
  5957 | D:5      | Found a staircase to the Ecumenical Temple.
  6180 | D:5      | Found a sacrificial altar of Ru.
  6402 | D:6      | Reached XP level 8. HP: 52/58 MP: 13/13
  7010 | D:7      | Reached *** piety under Lugonu
  7439 | D:6      | Reached skill level 6 in Conjurations
  7874 | D:7      | Reached skill level 7 in Conjurations
  7874 | D:7      | Reached skill level 5 in Poison Magic
  8488 | D:7      | Reached skill level 8 in Conjurations
  8598 | D:7      | Reached XP level 9. HP: 36/63 MP: 2/14
 10178 | D:8      | Noticed Prince Ribbit
 10188 | D:8      | Killed Prince Ribbit
 10189 | D:8      | Reached skill level 9 in Conjurations
 10332 | D:8      | Found a shimmering blue altar of Sif Muna.
 10404 | D:8      | Reached skill level 1 in Dodging
 10520 | D:8      | Found a snail-covered altar of Cheibriados.
 10965 | D:8      | Found a sparkling altar of Nemelex Xobeh.
 11424 | D:9      | Reached skill level 1 in Unarmed Combat
 12400 | D:9      | Noticed a troll
 12416 | D:9      | Killed a troll
 12592 | D:8      | Learned a level 2 spell: Swiftness
 12633 | D:8      | Reached XP level 10. HP: 73/73 MP: 15/15
 12689 | D:9      | Found the +18 shield of the Gong {rElec rN+ Will+ EV-5}
 12795 | D:9      | Reached **** piety under Lugonu
 12804 | D:9      | Reached skill level 1 in Stealth
 12851 | D:9      | Found a burning altar of Makhleb.
 13224 | D:9      | Reached skill level 5 in Invocations
 13544 | D:10     | Entered Level 10 of the Dungeon
 13594 | D:10     | Noticed Snorg
 13658 | D:10     | Killed Snorg
 14031 | D:10     | Identified the +5 ring mail "Wewkutih" {Will+}
 14038 | D:10     | Learned a level 5 spell: Lightning Bolt
 14065 | D:10     | Noticed Urug
 14069 | D:10     | Noticed Nergalle
 14098 | D:10     | Killed Nergalle
 14099 | D:10     | Reached skill level 5 in Stealth
 14100 | D:10     | Killed Urug
 14101 | D:10     | Reached skill level 5 in Fighting
 14271 | D:10     | Noticed Erica
 14287 | D:10     | Killed Erica
 14288 | D:10     | Gained mutation: You are surrounded by a moderate repulsion
                  | field. (EV +3) [demonic ancestry]
 14288 | D:10     | Reached XP level 11. HP: 17/80 MP: 17/17
 14905 | D:11     | Found a staircase to the Orcish Mines.
 14954 | D:11     | Reached skill level 5 in Long Blades
 15130 | D:11     | Noticed a six-headed hydra
 15162 | D:11     | Killed a one-headed hydra
 15244 | D:11     | Noticed Fannar
 15248 | D:11     | Noticed a two-headed ogre
 15276 | D:11     | Killed Fannar
 15290 | D:11     | Killed a two-headed ogre
 15347 | D:11     | Found a staircase to the Lair.
 15414 | D:11     | Reached ***** piety under Lugonu
 15456 | D:11     | Noticed a six-headed hydra
 15461 | D:11     | Killed a five-headed hydra
 15602 | D:11     | Found a runed translucent gate.
 15603 | D:11     | Found a runed translucent gate.
 15604 | D:11     | Found a runed translucent gate.
 15606 | D:11     | Noticed a two-headed ogre
 15613 | D:11     | Killed a two-headed ogre
 15614 | D:11     | Gained mutation: A meltable shield of frost defends you.
                  | (SH +4) [demonic ancestry]
 15614 | D:11     | Reached XP level 12. HP: 92/92 MP: 16/18
 15624 | D:11     | Noticed Killmatronix's ghost (journeyman FoHu)
 15667 | D:11     | Slain by a vampire

Illustrated notes

Levels and vault maps discovered:
D:1:      dpeg_arrival_water_altar, layout_basic, okawaru_ov_weapons_minmay
D:2:      layout_rooms, zin_treasury, kennysheep_generic_room_8
D:3:      layout_basic, uniq_crazy_yiuf_cottage
D:4:      layout_loops_corners, portal_sewer_entry_a
D:5:      layout_basic, general_overflow_altar, minmay_temple_entry_wispy,
          kennysheep_generic_room_5
D:6:      layout_rooms
D:7:      statuecave_lemuel, layout_basic, enter_bailey_5
D:8:      layout_basic, lemuel_crystal_altar, nemelex_xobeh_ov_fountains_minmay,
          slow_altar_1, uniq_prince_ribbit1
D:9:      layout_irregular_city, bloody_makhleb, centaur_isle
D:10:     layout_loops_corners, nooodl_orcs_dogs, uniq_nergalle, uniq_erica,
          uniq_snorg, uniq_urug
D:11:     layout_irregular_city, minmay_lair_entry_grove, david_orc_1_choice,
          gammafunk_ghost_necromancy, uniq_fannar

Skill      XL: |  1  2  3  4  5  6  7  8  9 10 11 |
---------------+----------------------------------+-----
Long Blades    | 2 3 8 |  8.1
Spellcasting   | 1 2 3 |  3.8
Conjurations   | 1 2 3 4 5 8 9 |  9.1
Air Magic      | 3 4 |  4.0
Poison Magic   | 3 5 |  5.0
Dodging        | 3 |  3.3
Armour         | 3 |  3.6
Unarmed Combat | 3 4 |  4.1
Fighting       | 4 5 8 |  8.0
Invocations    | 8 |  8.0
Stealth        | 5 |  5.0

Action                   |  1- 3 |  4- 6 |  7- 9 | 10-12 || total
-------------------------+-------+-------+-------+-------++-------
Melee: Falchion          |    20 |       |       |       ||    20
       Dagger            |   119 |   128 |    73 |       ||   320
       Unarmed           |       |     3 |       |       ||     3
       Quarterstaff      |       |    24 |       |       ||    24
       Long sword        |       |       |   109 |   111 ||   220
       Double sword      |       |       |       |   188 ||   188
       Punch             |       |       |       |     2 ||     2
 Cast: Magic Dart        |       |    23 |   232 |   123 ||   378
       Mephitic Cloud    |       |       |    11 |    19 ||    30
       Conjure Flame     |       |       |     6 |     9 ||    15
       Call Imp          |       |       |     2 |     7 ||     9
       Lightning Bolt    |       |       |       |     1 ||     1
Invok: Depart the Abyss  |     1 |       |       |       ||     1
       Bend Space        |       |       |     1 |    14 ||    15
       Banish            |       |       |       |     2 ||     2
  Use: Potion            |       |     3 |       |     4 ||     7
       Scroll            |       |       |       |    10 ||    10
 Stab: Sleeping          |     1 |       |       |       ||     1
       Confused          |       |       |     1 |     5 ||     6
Armor: Leather armour    |    26 |    42 |    73 |       ||   141
       Skin              |       |     3 |       |       ||     3
       Troll leather arm |       |       |     4 |   131 ||   135
Dodge: Dodged            |    85 |   118 |   197 |   291 ||   691
Block: Other             |       |       |       |     2 ||     2
       Rpst.: Falchion   |     4 |       |       |       ||     4
       Long sword        |       |       |    31 |    25 ||    56
       Double sword      |       |       |       |    45 ||    45

Table legend: (Time is in decaauts)
 A = Elapsed time spent in this place.
 B = Non-inter-level travel time spent in this place.
 C = Inter-level travel time spent in this place.
 D = Time resting spent in this place.
 E = Time spent auto-exploring this place.
 F = Levels seen in this place.
 G = Mean time per level.
                   A        B        C        D        E       F      G
               +--------+--------+--------+--------+--------+-----+--------+
         Total |  15759 |  15126 |    633 |    288 |  12349 |  12 | 1313.2 |
       Dungeon |  15687 |  15054 |    633 |    288 |  12280 |  11 | 1426.1 |
         Abyss |     72 |     72 |      0 |      0 |     69 |   1 |   72.0 |
               +--------+--------+--------+--------+--------+-----+--------+

Top non-repeatable levels by time:
     D:8: 2682 daAuts
     D:3: 1840 daAuts
     D:7: 1715 daAuts
     D:9: 1568 daAuts
     D:1: 1505 daAuts
     D:4: 1431 daAuts
    D:10: 1338 daAuts
     D:6: 1284 daAuts
     D:5: 920 daAuts
    D:11: 827 daAuts
     D:2: 572 daAuts
 Abyss:1: 72 daAuts
